 Dungeon Crawl Stone Soup version 0.23.2-40-g277498a001 (webtiles) character file.

Game seed: 17856237856231389025

4357 Frank2 the Cleaver (level 9, -1/74 HPs)
             Began as a Demigod Gladiator on Sept 12, 2019.
             Slain by a catoblepas (25 damage)
             ... on level 8 of the Dungeon.
             The game lasted 00:14:06 (7033 turns).

Frank2 the Cleaver (Demigod Gladiator)              Turns: 7033, Time: 00:14:07

Health: -1/74      AC: 18    Str: 22    XL:     9   Next: 89%
Magic:  15/15      EV: 24    Int: 12    God:
Gold:   419        SH:  0    Dex: 28    Spells: 8/8 levels left

rFire    . . .     SeeInvis .   a - +1 war axe
rCold    . . .     Gourm    .   (no shield)
rNeg     . . .     Faith    .   c - +1 ring mail
rPois    .         Spirit   .   i - +2 helmet
rElec    .         Reflect  .   q - +2 cloak
rCorr    .         Harm     .   m - +0 pair of gloves (curse)
MR       .....                  y - +0 pair of boots
Stlth    +++.......             (no amulet)
HPRegen  0.22/turn              u - +3 ring of evasion
MPRegen  0.14/turn              s - +2 ring of protection

@: mighty, agile
A: high mp 1
a: no special abilities


You were on level 8 of the Dungeon.
You were near starving.

You visited 1 branch of the dungeon, and saw 8 of its levels.

You collected 419 gold pieces.

Inventory:

Hand Weapons
 a - a +1 war axe (weapon)
Armour
 c - a +1 ring mail (worn)
 i - a +2 helmet (worn)
 m - a cursed +0 pair of gloves (worn)
 q - a +2 cloak (worn)
 y - a +0 pair of boots (worn)
Jewellery
 k - an uncursed ring of positive energy
 r - an uncursed ring of protection from cold
 s - a +2 ring of protection (right hand)
 t - an uncursed ring of fire {unknown}
 u - a +3 ring of evasion (left hand)
 A - an uncursed ring of stealth {unknown}
 D - a +4 ring of protection
Wands
 n - a wand of polymorph (8)
 o - a wand of clouds (5)
 C - a wand of random effects (19)
 E - a wand of iceblast (3)
 G - a wand of scattershot (2)
Scrolls
 b - a scroll of fear
 g - 2 scrolls of fog
 l - 4 scrolls of remove curse
 p - 2 scrolls of teleportation
 B - a scroll of enchant weapon
Potions
 e - 2 potions of heal wounds
 h - 8 potions of curing
 j - 3 potions of lignification
 w - a potion of berserk rage {unknown}
 x - a potion of haste
Comestibles
 f - 11 rations


   Skills:
 + Level 5.0 Fighting
 + Level 9.3 Axes
 - Level 1.7 Throwing
 * Level 6.4 Armour
 + Level 5.1 Dodging
 * Level 4.1 Evocations


You had 8 spell levels left.
You didn't know any spells.
Your spell library contained the following spells:

 Spells                   Type           Power        Failure   Level  Hunger
 Summon Small Mammal      Summ           #...         45%         1    ##.....
 Call Imp                 Summ           #.......     58%         2    ###....
 Call Canine Familiar     Summ           #.......     83%         3    ####...
 Summon Guardian Golem    Hex/Summ       #.......     83%         3    ####...
 Summon Ice Beast         Ice/Summ       #.......     99%         4    #####..
 Summon Lightning Spire   Summ/Air       #.......     99%         4    #####..


Dungeon Overview and Level Annotations

Branches:
Dungeon (8/15)             Temple (0/1) D:5            Lair (0/6) D:8

Annotations:
D:8 1 runed translucent door


Innate Abilities, Weirdness & Mutations

You have an increased reservoir of magic. (+10% MP)


Message History

Evoke which item? (* to show all) (? for menu, Esc to quit)
Okay, then.
You feel agile all of a sudden. The catoblepas closely misses you.
You feel very mighty all of a sudden. The catoblepas barely misses you.
You slash the catoblepas!
The catoblepas is moderately wounded.
The catoblepas gores you!
You hit the catoblepas.
The catoblepas is moderately wounded.
The catoblepas gores you but does no damage.
You slash the catoblepas!
The catoblepas is heavily wounded.
The catoblepas breathes a plume of calcifying dust at you.
The blast of calcifying dust hits you.
You hit the catoblepas but do no damage.
The catoblepas is heavily wounded.
You are engulfed in calcifying dust.
The catoblepas gores you!!
You die...

...##
##....##...##..###.......
..##
######.....##..##.####..
..# #.......#...#.###..#
..# ...
#.......#..........#
..#....
#.......#..........#
###....
#.§...##...........
##....
#....'#...##.....)......
#...# 8....
##Y####...#....... ...#
..Y. ##@.##.)#..........
+.# ...
#§†##...#...##...## # .Z
##.##...##........## # .
##......##........##. #
#......##..........). #
#.......###.........). #
..#.......##............
#
?.#.......#...#...).))..
##
#####.....##...##........


You could see a catoblepas.

Vanquished Creatures
  Harold (D:7)
  A basilisk (D:7)
  A hungry ghost (D:8)
  Duvessa (D:4)
  An orc warrior (D:8)
  2 phantoms
  3 ice beasts
  A tengu (D:5)
  3 ogres
  2 centaurs
  A big kobold (D:7)
  4 bullfrogs
  A water moccasin skeleton (D:5)
  Dowan (D:4)
  2 scorpions (D:7)
  6 killer bees
  An electric eel (D:6)
  2 bullfrog zombies
  6 crimson imps
  3 orc priests
  8 orc wizards
  2 gnoll shamans
  A bullfrog skeleton (D:5)
  4 hounds
  5 iguanas
  Natasha (thrice) (D:3)
  3 worker ants
  A killer bee zombie (D:7)
  A hound skeleton (D:8)
  2 howler monkey zombies
  8 gnolls
  13 adders
  An ooze (D:5)
  An adder zombie (D:8)
  4 adder skeletons
  4 worms
  3 dart slugs
  4 leopard geckos
  26 orcs
  5 giant cockroaches
  3 goblins
  2 hobgoblins
  9 kobolds
  2 quokkas
  2 ball pythons
  A ball python skeleton (D:4)
  4 bats
  2 frilled lizards
  A jackal skeleton (D:5)
  A jackal zombie (D:6)
  A quokka skeleton (D:7)
  2 rats
172 creatures vanquished.

Vanquished Creatures (others)
  An orc (D:6)
1 creature vanquished.

Grand Total: 173 creatures vanquished

Notes
Turn   | Place    | Note
-------+----------+-------------------------------------------
     0 | D:1      | Frank2 the Demigod Gladiator began the quest for the Orb.
     0 | D:1      | Reached XP level 1. HP: 17/17 MP: 3/3
   177 | D:1      | Reached XP level 2. HP: 21/24 MP: 4/4
   229 | D:1      | Reached skill level 3 in Axes
   848 | D:2      | Reached skill level 1 in Armour
   848 | D:2      | Reached XP level 3. HP: 27/29 MP: 5/5
  1512 | D:3      | Reached XP level 4. HP: 30/36 MP: 6/6
  1611 | D:3      | Noticed Natasha
  1617 | D:3      | Killed Natasha
  1845 | D:3      | Noticed Natasha
  1851 | D:3      | Killed Natasha
  1881 | D:3      | Reached skill level 4 in Axes
  1881 | D:3      | Reached XP level 5. HP: 29/41 MP: 7/7
  1946 | D:3      | Found a faded altar of an unknown god.
  1963 | D:3      | Noticed Natasha
  1971 | D:3      | Killed Natasha
  2401 | D:4      | Found an opulent altar of Gozag.
  2457 | D:4      | Noticed an ogre
  2464 | D:4      | Killed an ogre
  2464 | D:4      | Reached XP level 6. HP: 50/50 MP: 8/8
  2665 | D:4      | Reached skill level 5 in Axes
  2735 | D:4      | Found a stormy altar of Qazlal.
  2741 | D:4      | Noticed Dowan
  2742 | D:4      | Noticed Duvessa
  2779 | D:4      | Killed Dowan
  2781 | D:4      | Killed Duvessa
  2781 | D:4      | Reached XP level 7. HP: 19/56 MP: 9/9
  3130 | D:5      | Entered Level 5 of the Dungeon
  3331 | D:5      | Found a staircase to the Ecumenical Temple.
  3353 | D:5      | Reached skill level 6 in Axes
  4115 | D:5      | Reached XP level 8. HP: 53/64 MP: 9/11
  4233 | D:6      | Reached skill level 5 in Armour
  4233 | D:6      | Reached skill level 1 in Evocations
  4398 | D:6      | Found an ancient bone altar of Kikubaaqudgha.
  4513 | D:6      | Reached skill level 7 in Axes
  4985 | D:6      | Found a bloodstained altar of Trog.
  5318 | D:7      | Noticed Harold
  5353 | D:7      | Killed Harold
  5353 | D:7      | Reached skill level 8 in Axes
  5353 | D:7      | Reached XP level 9. HP: 17/72 MP: 12/14
  5963 | D:7      | Reached skill level 5 in Dodging
  6151 | D:7      | Found a sacrificial altar of Ru.
  6151 | D:7      | Found a sparkling altar of Nemelex Xobeh.
  6323 | D:8      | Found a staircase to the Lair.
  6348 | D:8      | Reached skill level 9 in Axes
  6472 | D:8      | Found a runed translucent door.
  6538 | D:8      | Found a runed translucent door.
  6606 | D:8      | Reached skill level 5 in Fighting
  7007 | D:8      | Noticed a catoblepas
  7033 | D:8      | Slain by a catoblepas

Skill      XL: |  1  2  3  4  5  6  7  8  9 |
---------------+----------------------------+-----
Axes           | 3 4 5 6 8 9 |  9.3
Fighting       | 2 3 4 5 |  5.0
Dodging        | 3 4 5 |  5.1
Armour         | 1 2 3 4 5 6 |  6.4
Evocations     | 3 4 |  4.1
Throwing       | |  1.7

Action                   |  1- 3 |  4- 6 |  7- 9 || total
-------------------------+-------+-------+-------++-------
Melee: War axe           |    92 |   116 |   486 ||   694
       Unarmed           |       |    10 |       ||    10
Throw: Throwing net      |       |     1 |    11 ||    12
Evoke: Wand              |       |       |     5 ||     5
  Use: Scroll            |     7 |     2 |    10 ||    19
       Potion            |       |     2 |     4 ||     6
 Stab: Held in net/web   |       |       |     6 ||     6
  Eat: Chunk             |     1 |     5 |    14 ||    20
Armor: Leather armour    |    13 |       |       ||    13
       Ring mail         |    27 |    42 |   234 ||   303
Dodge: Dodged            |    63 |   102 |   448 ||   613
